 Dungeon Crawl Stone Soup version 0.24.1 (webtiles) character file.

Game seed: 7617970969286354922, levelgen mode: deterministic

29062 Freitmort the Thaumaturge (level 13, -1/67 HPs)
             Began as a Deep Elf Conjurer on Mar 12, 2020.
             Was a High Priest of Vehumet.
             Slain by Frances
             ... wielding a +4 scimitar of flaming
              (7 damage)
             ... on level 14 of the Dungeon on Apr 2, 2020.
             The game lasted 02:38:56 (23825 turns).

Freitmort the Thaumaturge (Deep Elf Conjurer)      Turns: 23825, Time: 02:38:56

Health: -1/67      AC: 15    Str:  7    XL:     13   Next: 13%
Magic:  12/31      EV: 17    Int: 27    God:    Vehumet [*****.]
Gold:   721        SH:  0    Dex: 15    Spells: 19/37 levels left

rFire    . . .     SeeInvis +   g - +1 short sword
rCold    . . .     Gourm    +   (no shield)
rNeg     . . .     Faith    .   m - +1 robe of Evolution {SInv}
rPois    .         Spirit   .   h - +2 hat
rElec    .         Reflect  .   b - +2 cloak
rCorr    .         Harm     .   B - +1 pair of gloves
MR       +....                  t - +0 pair of boots
Stlth    +++.......             u - amulet of the gourmand
HPRegen  0.21/turn              f - +2 ring of protection
MPRegen  0.22/turn              p - ring "Aklimion" {AC+2 Int+3}

@: no status effects
A: no striking features
a: Renounce Religion


You were on level 14 of the Dungeon.
You worshipped Vehumet.
Vehumet was extremely pleased with you.
You were full.

You visited 2 branches of the dungeon, and saw 15 of its levels.
You also visited: Gauntlet.

You collected 891 gold pieces.
You spent 170 gold pieces at shops.

Inventory:

Hand Weapons
 g - a +1 short sword (weapon)
 y - a +0 dagger of electrocution
 J - the +6 long sword of Distant Worlds {flame, Int+2 Dex+2}
   (You found it on level 9 of the Dungeon)

   It has been specially enchanted to burn those struck by it, causing extra
   injury to most foes and up to half again as much damage against particularly
   susceptible opponents.
   Big, fiery blades are also staple armaments of hydra-hunters.
   It affects your intelligence (+2).
   It affects your dexterity (+2).
Armour
 b - a +2 cloak (worn)
 h - a +2 hat (worn)
 m - the +1 robe of Evolution (worn) {SInv}
   (You found it on level 5 of the Dungeon)

   It lets you see invisible.
 t - a +0 pair of boots (worn)
 B - a +1 pair of gloves (worn)
 N - a +2 robe of positive energy
 U - the +6 chain mail of the Engineer {Str+2, unknown}
   (You found it on level 13 of the Dungeon)

   It affects your strength (+2).
Jewellery
 a - an uncursed ring of ice
 f - a +2 ring of protection (left hand)
 n - a +3 amulet of reflection
 p - the ring "Aklimion" (right hand) {AC+2 Int+3}
   (You found it on level 4 of the Dungeon)

   [ring of protection]

   It affects your AC (+2).
   It affects your intelligence (+3).
 r - an uncursed amulet of faith
 u - an amulet of the gourmand (around neck)
 w - an uncursed amulet of the acrobat
 x - an uncursed ring of protection from fire
 E - an uncursed ring of see invisible
Wands
 o - a wand of scattershot (3)
 q - a wand of random effects (42)
 v - a wand of acid (8)
 C - a wand of paralysis (13)
 F - a wand of iceblast (27)
 S - a wand of polymorph (8)
Scrolls
 d - 2 scrolls of fear
 s - a scroll of teleportation
 G - 2 scrolls of enchant weapon
 I - 3 scrolls of magic mapping
 L - 5 scrolls of identify
 O - a scroll of enchant armour
 P - a scroll of immolation {unknown}
 Q - 5 scrolls of remove curse
 R - a scroll of brand weapon {unknown}
 W - a scroll of fog
Potions
 e - a potion of heal wounds
 i - 4 potions of might
 j - 2 potions of flight
 k - a potion of brilliance
 l - 3 potions of cancellation
 z - 5 potions of resistance
 A - 4 potions of curing
 D - 2 potions of haste
 M - a potion of invisibility
 T - 2 potions of ambrosia {unknown}
 V - a potion of berserk rage {unknown}
Miscellaneous
 H - a box of beasts
 K - a lamp of fire
Comestibles
 c - 30 rations


   Skills:
 + Level 2.3 Fighting
 + Level 7.6 Dodging
 + Level 6.0 Stealth
 + Level 12.7 Spellcasting
 + Level 11.1 Conjurations
 + Level 11.1 Fire Magic
 * Level 6.9 Ice Magic
 * Level 8.7 Earth Magic
 * Level 5.6 Poison Magic
 + Level 5.7 Evocations


You had 19 spell levels left.
You knew the following spells:

 Your Spells              Type           Power        Failure   Level  Hunger
a - Magic Dart            Conj           ####         1%          1    None
b - Sting                 Conj/Pois      ####         1%          1    None
c - Searing Ray           Conj           ######       1%          2    None
d - Throw Flame           Conj/Fire      ######       1%          2    None
e - Stone Arrow           Conj/Erth      ######       1%          3    None
f - Throw Icicle          Conj/Ice       ######..     1%          4    None
g - Bolt of Magma         Conj/Fire/Erth ######....   1%          5    ##.....

Your spell library contained the following spells:

 Spells                   Type           Power        Failure   Level  Hunger
 Orb of Destruction       Conj           ######....   8%          7    ######.
 Conjure Flame            Conj/Fire      ######..     1%          3    None
 Dazzling Spray           Conj/Hex       #####.       1%          3    None
 Mephitic Cloud           Conj/Pois/Air  #####...     1%          3    None
 Force Lance              Conj/Tloc      #####...     1%          4    None
 Fulminant Prism          Conj/Hex       #####.....   1%          4    None
 Iskenderun's Mystic Bla  Conj           ######..     1%          4    None
 Animate Skeleton         Necr           N/A          3%          1    None
 Pain                     Necr           ###.         3%          1    None
 Summon Small Mammal      Summ           ###.         3%          1    None
 Blink                    Tloc           N/A          4%          2    None
 Call Imp                 Summ           ###.....     4%          2    None
 Slow                     Hex            ###.....     4%          2    None
 Summon Ice Beast         Ice/Summ       #####...     8%          4    None
 Call Canine Familiar     Summ           ###.....     10%         3    None
 Regeneration             Chrm/Necr      ###.......   10%         3    None
 Summon Guardian Golem    Hex/Summ       ###.....     10%         3    None
 Vampiric Draining        Necr           ###.......   10%         3    None
 Yara's Violent Unravell  Hex/Tmut       ###.......   22%         5    ##.....
 Animate Dead             Necr           N/A          32%         4    None
 Cause Fear               Hex            ###.......   32%         4    None
 Summon Lightning Spire   Summ/Air       ###.....     32%         4    None
 Silence                  Hex/Air        ###.......   65%         5    ##.....
 Deflect Missiles         Chrm/Air       ###.......   99%         6    #####..
 Discord                  Hex            ###.......   100%        8    #######


Dungeon Overview and Level Annotations

Branches:
Dungeon (14/15)            Temple (1/1) D:7            Lair (0/6) D:8
    Orc (0/2) D:10         Vaults (0/5) D:13        Gauntlet (visited)

Altars:
Ashenzari
Cheibriados
Dithmenos
Elyvilon
Fedhas
Gozag
Hepliaklqana
Kikubaaqudgha
Makhleb
Nemelex Xobeh
Okawaru
Qazlal
Ru
Sif Muna
Trog
Uskayaw
Vehumet
Wu Jian
Xom
Yredelemnul
Zin
The Shining One

Shops:
D:5 [(   D:10 *   D:11 ?

Annotations:
D:7 2 transporters, kotomi's ghost, novice DsBe
D:8 2 transporters, mmigdal's ghost, novice HOFi
D:11 3 runed translucent doors, fritzmikael's ghost, novice NaTm
D:13 exclusion: ice statue
D:14 Frances


Message History

Casting: Throw Icicle (safe; 1% risk of failure)
Confirm with . or Enter, or press ? or * to list all spells.
Aiming: Throw Icicle (safe; 1% risk of failure)
Press: ? - help, Shift-Dir - straight line, f/p - Frances
Aim: Frances, wielding a +4 scimitar of flaming and wearing a +0 ring mail (heavily wounded)
The shard of ice hits Frances!!
Frances is severely wounded.
Frances hits you with a +4 scimitar of flaming.
Frances burns you.
Casting: Throw Icicle (safe; 1% risk of failure)
Confirm with . or Enter, or press ? or * to list all spells.
Aiming: Throw Icicle (safe; 1% risk of failure)
Press: ? - help, Shift-Dir - straight line, f/p - Frances
Aim: Frances, wielding a +4 scimitar of flaming and wearing a +0 ring mail (severely wounded)
The shard of ice hits Frances!!
Frances is severely wounded.
Frances hits you with a +4 scimitar of flaming!!
* * * LOW HITPOINT WARNING * * *
Frances burns you!
You die...

..................
##############..........
.............#..........
.............#..........
.............#..........
.............'.........#
.............#.........#
......@......#.........#
########@######.........
.......>...............
.......................
.......................
........###############
........# ........#
........# #########


You could see Frances.

Vanquished Creatures
  An ironheart preserver (D:13)
  2 hydras
  A centaur warrior (D:14)
  3 two-headed ogres
  A death knight (D:12)
  A queen ant (D:11)
  2 unseen horrors (D:12)
  A deep elf mage (D:13)
  3 ugly things
  2 centaur zombies
  2 cyclopes
  Psyche (D:11)
  Maurice (D:9)
  3 gargoyles
  A kobold demonologist (D:14)
  2 trolls
  A hornet (D:9)
  6 hippogriffs
  5 slime creatures (D:13)
  2 dream sheep (D:10)
  A shadow (D:12)
  A human (shapeshifter) (D:13)
  A wraith (D:13)
  Sigmund (D:3)
  A vampire (D:12)
  A wyvern (D:8)
  13 yaks
  2 hungry ghosts
  A human (D:9)
  Grum (D:9)
  2 vampire mosquitoes (D:13)
  14 soldier ants (D:11)
  7 orc warriors
  An eye of draining (D:12)
  2 black bears
  3 sky beasts
  2 necrophages
  2 phantoms
  4 wolves
  8 ogres
  11 centaurs
  9 big kobolds
  4 bullfrogs
  2 wyvern zombies
  A water moccasin zombie (D:9)
  A wyvern skeleton (D:13)
  8 scorpions
  6 killer bees (D:12)
  5 wights (D:12)
  3 bullfrog zombies
  7 howler monkeys
  8 crimson imps
  2 quasits
  7 hounds
  5 jellies
  12 orc priests
  11 orc wizards
  3 bullfrog skeletons
  2 centaur skeletons
  A gnoll shaman (D:8)
  42 worker ants
  Natasha (thrice) (D:3)
  3 iguanas
  Ijyb (D:3)
  2 hound skeletons
  A mummy (D:7)
  2 worker ant zombies (D:11)
  10 gnolls
  2 howler monkey skeletons
  9 adders
  A shadow imp (D:12)
  An ooze (D:2)
  An adder zombie (D:7)
  4 adder skeletons
  3 worms
  6 leopard geckos
  43 orcs
  7 giant cockroaches
  9 goblins
  12 hobgoblins
  10 jackals
  32 kobolds
  7 quokkas
  A ball python (D:2)
  9 bats
  9 frilled lizards
  2 hobgoblin zombies (D:7)
  A leopard gecko skeleton (D:7)
  A leopard gecko zombie (D:6)
  8 rats
459 creatures vanquished.

Vanquished Creatures (others)
  2 plants (D:10)
2 creatures vanquished.

Grand Total: 461 creatures vanquished

Notes
Turn   | Place    | Note
-------+----------+-------------------------------------------
     0 | D:1      | Freitmort the Deep Elf Conjurer began the quest for the
                  | Orb.
     0 | D:1      | Reached XP level 1. HP: 10/10 MP: 6/6
   235 | D:1      | Reached XP level 2. HP: 15/15 MP: 4/8
   419 | D:1      | Reached skill level 5 in Conjurations
   860 | D:1      | Reached XP level 3. HP: 19/19 MP: 7/9
   928 | D:1      | Learned a level 3 spell: Dazzling Spray
  1241 | D:2      | Reached XP level 4. HP: 22/24 MP: 3/11
  1345 | D:2      | Reached skill level 4 in Spellcasting
  1827 | D:2      | Reached XP level 5. HP: 28/28 MP: 7/13
  2102 | D:2      | Learned a level 2 spell: Searing Ray
  2402 | D:2      | Found a shimmering altar of Xom.
  2741 | D:3      | Found a hazy altar of Hepliaklqana.
  2743 | D:3      | Found a bloodstained altar of Trog.
  2743 | D:3      | Found a shadowy altar of Dithmenos.
  2842 | D:3      | Noticed Natasha
  2856 | D:3      | Killed Natasha
  2856 | D:3      | Reached skill level 5 in Spellcasting
  2895 | D:3      | Noticed Natasha
  2898 | D:3      | Killed Natasha
  2975 | D:3      | Reached XP level 6. HP: 32/32 MP: 4/16
  3075 | D:3      | Noticed Ijyb
  3096 | D:3      | Noticed Natasha
  3101 | D:3      | Killed Natasha
  3197 | D:3      | Killed Ijyb
  3383 | D:3      | Noticed Sigmund
  3620 | D:4      | Got a scorched golden ring
  3645 | D:4      | Reached skill level 6 in Spellcasting
  4023 | D:4      | Reached XP level 7. HP: 32/36 MP: 14/19
  4089 | D:4      | Identified the ring "Aklimion" {AC+2 Int+3} (You found it
                  | on level 4 of the Dungeon)
  4224 | D:4      | Reached skill level 7 in Spellcasting
  4772 | D:4      | Reached skill level 8 in Spellcasting
  5133 | D:3      | Killed Sigmund
  5133 | D:3      | Reached XP level 8. HP: 37/42 MP: 13/22
  5329 | D:5      | Entered Level 5 of the Dungeon
  5430 | D:5      | Got a steaming robe
  5441 | D:5      | Identified the +1 robe of Evolution {SInv} (You found it on
                  | level 5 of the Dungeon)
  5467 | D:5      | Found Meamueru's Armour Emporium.
  5746 | D:5      | Found Fim Olyt's Weapon Boutique.
  6136 | D:6      | Reached skill level 1 in Evocations
  6227 | D:6      | Reached skill level 9 in Spellcasting
  6379 | D:6      | Found a stormy altar of Qazlal.
  7370 | D:6      | Found an iron altar of Okawaru.
  7387 | D:6      | Reached skill level 10 in Spellcasting
  7613 | D:7      | Noticed a moth of wrath
  7613 | D:7      | Noticed a komodo dragon
  7733 | D:7      | Noticed a hippogriff
  7783 | D:7      | Killed a hippogriff
  7793 | D:7      | Reached XP level 9. HP: 41/46 MP: 8/25
  8034 | D:7      | Found a staircase to the Ecumenical Temple.
  8042 | Temple   | Entered the Ecumenical Temple
  8047 | Temple   | Became a worshipper of Vehumet
  8237 | D:7      | Reached skill level 11 in Spellcasting
  8696 | D:7      | Found a transporter.
  8731 | D:7      | Noticed kotomi's ghost (novice DsBe)
  8745 | D:7      | Found a transporter.
  8793 | D:7      | Reached skill level 10 in Conjurations
  8872 | D:7      | Found a blossoming altar of Fedhas.
  9007 | D:7      | Found a sacrificial altar of Ru.
  9202 | D:7      | Reached * piety under Vehumet
  9202 | D:7      | Offered knowledge of Sting by Vehumet.
  9205 | D:7      | Learned a level 1 spell: Sting
  9661 | D:8      | Reached skill level 12 in Spellcasting
  9661 | D:8      | Reached skill level 1 in Poison Magic
  9940 | D:8      | Reached skill level 5 in Stealth
 10040 | D:8      | Reached XP level 10. HP: 48/51 MP: 17/28
 10274 | D:8      | Found a transporter.
 10276 | D:8      | Noticed mmigdal's ghost (novice HOFi)
 10279 | D:8      | Found a transporter.
 10391 | D:8      | Found a staircase to the Lair.
 10701 | D:9      | Noticed Grum
 10800 | D:9      | Offered knowledge of Throw Flame by Vehumet.
 10800 | D:9      | Reached skill level 1 in Fighting
 10804 | D:9      | Learned a level 2 spell: Throw Flame
 10833 | D:9      | Reached ** piety under Vehumet
 10833 | D:9      | Noticed Maurice
 11051 | D:9      | Killed Maurice
 11051 | D:9      | Reached skill level 1 in Fire Magic
 11115 | D:9      | Killed Grum
 11214 | D:9      | Reached skill level 5 in Evocations
 11381 | D:9      | Reached skill level 5 in Dodging
 12019 | D:9      | Got a faintly glowing long sword
 12021 | D:9      | Identified the +6 long sword of Distant Worlds {flame,
                  | Int+2 Dex+2} (You found it on level 9 of the Dungeon)
 12060 | D:10     | Entered Level 10 of the Dungeon
 12066 | D:10     | Paralysed by a hornet for 2 turns
 12358 | D:10     | Found a shimmering altar of Xom.
 12929 | D:10     | Found Bois Xish's General Store.
 13050 | D:10     | Offered knowledge of Stone Arrow by Vehumet.
 13055 | D:10     | Learned a level 3 spell: Stone Arrow
 13224 | D:10     | Noticed a three-headed hydra
 13246 | D:10     | Killed a three-headed hydra
 13246 | D:10     | Reached skill level 1 in Earth Magic
 13246 | D:10     | Reached XP level 11. HP: 57/57 MP: 12/29
 13573 | D:10     | Noticed a two-headed ogre
 13713 | D:10     | Reached skill level 5 in Poison Magic
 13737 | D:10     | Reached *** piety under Vehumet
 13856 | D:10     | Killed a two-headed ogre
 13944 | D:10     | Reached skill level 5 in Fire Magic
 14352 | D:10     | Offered knowledge of Throw Icicle by Vehumet.
 14358 | D:10     | Learned a level 4 spell: Throw Icicle
 14509 | D:10     | Found a staircase to the Orcish Mines.
 14755 | D:11     | Found a gate leading to a gauntlet.
 14763 | Gauntlet | Entered a Gauntlet
 14763 | Gauntlet | Found a transporter.
 14763 | Gauntlet | Found a transporter.
 14763 | Gauntlet | Found a transporter.
 14763 | Gauntlet | Noticed a sixfirhy
 14779 | Gauntlet | Found a transporter.
 14790 | Gauntlet | Found a transporter.
 14806 | Gauntlet | Found a transporter.
 14815 | Gauntlet | Noticed a fire crab
 14816 | Gauntlet | Found a transporter.
 14834 | Gauntlet | Found a transporter.
 14839 | Gauntlet | Found a transporter.
 14839 | Gauntlet | Noticed a tengu warrior
 14849 | Gauntlet | Found a large runed translucent door.
 14850 | Gauntlet | Found a large runed translucent door.
 14851 | Gauntlet | Found a large runed translucent door.
 14852 | Gauntlet | Found a large runed translucent door.
 14853 | Gauntlet | Found a runed translucent gate.
 14854 | Gauntlet | Found a transporter.
 14854 | Gauntlet | Found a runed translucent gate.
 14857 | Gauntlet | Found a runed translucent gate.
 14858 | Gauntlet | Found a large runed translucent door.
 14858 | Gauntlet | Found a large runed translucent door.
 14859 | Gauntlet | Found a large runed translucent door.
 14860 | Gauntlet | Found a large runed translucent door.
 14870 | Gauntlet | Found a large runed translucent door.
 14870 | Gauntlet | Found a large runed translucent door.
 14870 | Gauntlet | Found a runed translucent door.
 14870 | Gauntlet | Found a runed translucent door.
 14871 | Gauntlet | Found a large runed translucent door.
 14872 | Gauntlet | Found a large runed translucent door.
 14874 | Gauntlet | Found a transporter.
 14878 | Gauntlet | Noticed a death ooze
 14918 | Gauntlet | Found a transporter.
 14923 | Gauntlet | Found a large runed translucent door.
 14924 | Gauntlet | Found a large runed translucent door.
 14924 | Gauntlet | Found a large runed translucent door.
 14924 | Gauntlet | Found a large runed translucent door.
 15031 | D:11     | Found Fupubbin's Magic Scroll Emporium.
 15266 | D:11     | Noticed Psyche
 15275 | D:11     | Killed Psyche
 15275 | D:11     | Reached skill level 1 in Ice Magic
 15670 | D:11     | Bought a scroll of identify for 20 gold pieces
 15670 | D:11     | Bought 2 scrolls of blinking for 150 gold pieces
 16303 | D:11     | Reached **** piety under Vehumet
 16425 | D:11     | Offered knowledge of Bolt of Magma by Vehumet.
 16432 | D:11     | Learned a level 5 spell: Bolt of Magma
 16805 | D:11     | Noticed a queen ant
 17166 | D:11     | Found a runed translucent gate.
 17223 | D:11     | Found a runed translucent gate.
 17223 | D:11     | Found a runed translucent gate.
 17224 | D:11     | Noticed fritzmikael's ghost (novice NaTm)
 17225 | D:11     | Identified the +5 short sword "Hulk" {venom, +Inv Dex+3
                  | Stlth+}
 17591 | D:11     | Killed a queen ant
 18068 | D:12     | Noticed a death knight
 18080 | D:12     | Killed a death knight
 18426 | D:12     | Noticed a cyan ugly thing
 18435 | D:12     | Killed a cyan ugly thing
 18435 | D:12     | Reached XP level 12. HP: 39/62 MP: 10/30
 19063 | D:12     | Reached skill level 5 in Earth Magic
 19466 | D:12     | Reached skill level 5 in Ice Magic
 19930 | D:12     | Reached ***** piety under Vehumet
 19994 | D:12     | Offered knowledge of Olgreb's Toxic Radiance by Vehumet.
 20316 | D:12     | Reached skill level 10 in Fire Magic
 20774 | D:12     | Upgraded the game from 0.24.0-125-gc4c63601f3 to 0.24.1
 21147 | D:13     | Got a smelly chain mail
 21898 | D:13     | Found a gate to the Vaults.
 21898 | D:13     | Noticed an ironheart preserver
 22044 | D:13     | Killed an ironheart preserver
 22335 | D:13     | Noticed a two-headed ogre
 22533 | D:13     | Noticed an eight-headed hydra
 22537 | D:13     | Killed an eight-headed hydra
 22929 | D:13     | Killed a two-headed ogre
 23024 | D:13     | Reached XP level 13. HP: 67/67 MP: 18/31
 23675 | D:14     | Offered knowledge of Orb of Destruction by Vehumet.
 23820 | D:14     | Noticed Frances
 23825 | D:14     | Slain by Frances

Levels and vault maps discovered:
D:1:      zaba_arrival_water, layout_basic, minmay_pentomino_t2
D:2:      layout_loops_ring, tgw_xom
D:3:      layout_loops_ring, grunt_temple_overflow_diamond, first_ration,
          uniq_sigmund, uniq_natasha, uniq_ijyb
D:4:      layout_basic, hangedman_decor_points
D:5:      layout_loops_ring, serial_shops, nicolae_shop_trees,
          kennysheep_windowed_goal
D:6:      layout_basic, overflow_temple_1_default, lemuel_doored_altar,
          minmay_increasing_density
D:7:      layout_basic, kennysheep_mini_moat, kennysheep_mini,
          minmay_temple_entry_ruins, nicolae_ossuary_entry_giza,
          gammafunk_ghost_berserking_beasts
D:8:      layout_gridville, lair_entry_dummy, gammafunk_ghost_mausoleum
D:9:      layout_rooms, uniq_grum, uniq_maurice
D:10:     layout_rooms, erik_orc_4, basic_altar, hangedman_ranch
          [blue_anna_fruit_fields], minmay_shop_grid_forest
D:11:     layout_cave_pools, serial_shops, nicolae_shop_trees,
          gammafunk_ghost_nasty_kobolds, gauntlet_entry_generic, zaba_anthell,
          uniq_psyche
D:12:     layout_loops_ring
D:13:     lemuel_ice_statue, layout_rooms, skrybe_vaults_entry_preservation
D:14:     layout_irregular_city, grunt_decor_one_mirror, uniq_frances
Temple:   minmay_freezing_vapour_temple

Skill      XL: |  1  2  3  4  5  6  7  8  9 10 11 12 |
---------------+-------------------------------------+-----
Conjurations   | 5 6 7 8 9 10 11 | 11.1
Spellcasting   | 4 5 6 8 10 12 | 12.7
Dodging        | 3 4 6 7 |  7.6
Stealth        | 3 5 6 |  6.0
Evocations     | 2 4 5 |  5.7
Poison Magic   | 1 4 5 |  5.6
Fighting       | 1 2 |  2.3
Fire Magic     | 4 8 11 | 11.1
Earth Magic    | 1 4 8 |  8.7
Ice Magic      | 4 6 |  6.9

Action                   |  1- 3 |  4- 6 |  7- 9 | 10-12 | 13-15 || total
-------------------------+-------+-------+-------+-------+-------++-------
Melee: Short sword       |       |       |       |     1 |       ||     1
 Cast: Magic Dart        |    73 |   131 |   269 |    84 |       ||   557
       Searing Ray       |       |     6 |    49 |    37 |       ||    92
       Dazzling Spray    |       |     1 |       |       |       ||     1
       Sting             |       |       |     3 |    21 |     1 ||    25
       Throw Flame       |       |       |       |   379 |     6 ||   385
       Stone Arrow       |       |       |       |    39 |       ||    39
       Throw Icicle      |       |       |       |    54 |    11 ||    65
       Bolt of Magma     |       |       |       |   110 |    15 ||   125
  Use: Scroll            |     7 |     4 |    18 |     7 |       ||    36
       Potion            |       |       |       |     1 |       ||     1
  Eat: Chunk             |     1 |     8 |    29 |    43 |       ||    81
       Ration            |       |       |     1 |     1 |       ||     2
Armor: Robe              |     1 |     9 |    38 |    90 |     2 ||   140
Dodge: Dodged            |     4 |    17 |    69 |   151 |     8 ||   249
Block: Other             |       |     1 |     1 |       |       ||     2
       Reflection        |       |     1 |       |       |       ||     1
